 Dungeon Crawl Stone Soup version 0.30.1-8-g117510f58f (webtiles) character file.

Game seed: 10799081531849178676

2 BallerZ the Stinger (level 1, 10/10 HPs)
             Began as a Gargoyle Venom Mage on Sept 7, 2023.
             Quit the game on level 1 of the Dungeon on Sept 22, 2023.
             The game lasted 00:04:49 (174 turns).

BallerZ the Stinger (Gargoyle Venom Mage)            Turns: 174, Time: 00:04:50

Health: 10/10      AC:  4    Str: 11    XL:     1   Next: 30%
Magic:  2/3        EV: 12    Int: 15    God:
Gold:   0          SH:  0    Dex: 10    Spells: 3/4 levels left

rFire   . . .        d - +0 dagger
rCold   . . .        (no shield)
rNeg    + . .        a - +0 robe
rPois   ∞            (no helmet)
rElec   +            (no cloak)
rCorr   .            (no gloves)
SInv    .            (no boots)
Will    .....        (no amulet)
Stlth   ++           (no ring)
HPRegen 0.21/turn    (no ring)
MPRegen 0.08/turn

%: no passive effects
@: no status effects
A: sickness immunity, AC +2, negative energy resistance 1, electricity
resistance, torment resistance 1, petrification resistance
a: no special abilities


You were on level 1 of the Dungeon.
You visited 1 branch of the dungeon, and saw 1 of its levels.

Inventory:

Hand Weapons
 d - a +0 dagger (weapon)
Armour
 a - a +0 robe (worn)
Potions
 b - a potion of magic


   Skills:
 + Level 1.6 Dodging
 + Level 2.2 Stealth
 + Level 2.0 Spellcasting
 + Level 0.8 Transmutations
 + Level 3.0 Poison Magic


You had 3 spell levels left.
You knew the following spells:

 Your Spells              Type           Power      Damage    Failure   Level
a - Sting                 Tmut/Pois      28%        1d4       10%         1

Your spell library contained the following spells:

 Spells                   Type           Power      Damage    Failure   Level
 Poisonous Vapours        Pois/Air       12%        N/A       19%         2
 Mephitic Cloud           Conj/Pois/Air  4%         N/A       41%         3
 Olgreb's Toxic Radiance  Pois           10%        N/A       54%         4


Dungeon Overview and Level Annotations

Branches:
Dungeon (1/15)

Altars:


Innate Abilities, Weirdness & Mutations

You are immune to sickness and miasma.
Your stone body is resilient. (AC +2)
You are immune to poison.
You resist negative energy. (rN+)
You are resistant to electric shocks. (rElec)
You are resistant to unholy torment.
You are immune to petrification.


Message History

The hobgoblin is severely wounded.
The hobgoblin hits you but does no damage.
You hit the hobgoblin but do no damage.
The hobgoblin is severely wounded.
The hobgoblin closely misses you.
You hit the hobgoblin but do no damage.
The hobgoblin is severely wounded.
You kill the hobgoblin!
A kobold comes into view. It is wielding a +0 dagger.
c - a scroll labelled QAJUYH URABAVE You open the door.
There is an open door here.
You open the door.
Found 17 gold pieces.
There is an open door here.
A kobold comes into view. It is wielding a +0 dagger.
The kobold shouts!
Aiming: Sting (safe; 11% risk of failure)
Press: ? - help, Q - select action Shift-Dir - straight line, f - kobold
Aim: a kobold, wielding a +0 dagger (60% to hit)
The sting hits the kobold.
The kobold is poisoned.
You kill the kobold!
Things that are here:
a +0 dagger; a kobold corpse
d - a +0 dagger
d - a +0 dagger (weapon)
As you read the scroll labelled QAJUYH URABAVE, it crumbles to dust.
You feel strangely unstable.
It was a scroll of teleportation.
Your surroundings suddenly seem different.
Welcome back, BallerZ the Gargoyle Venom Mage.
Press ? for a list of commands and other information.
Welcome back, BallerZ the Gargoyle Venom Mage.
Press ? for a list of commands and other information.
Unknown command.
Okay, then.
Unknown command.
Unknown command.
Welcome back, BallerZ the Gargoyle Venom Mage.
Press ? for a list of commands and other information.
Are you sure you want to abandon this character and quit the game? (Confirm with "yes".)

#### ...# ###########
...# #......@..# ...#
#.#######.## ...#
#..........#
...###############..#
............# #..#
###########.# #..#
#.# #..# #.# #..#
#.######..#


There were no monsters in sight!

Vanquished Creatures
  A hobgoblin (D:1)
  A kobold (D:1)
2 creatures vanquished.

Notes
Turn   | Place    | Note
-------+----------+-------------------------------------------
     0 | D:1      | BallerZ the Gargoyle Venom Mage began the quest for the
                  | Orb.
     0 | D:1      | Reached XP level 1. HP: 10/10 MP: 3/3
   174 | D:1      | Upgraded the game from 0.30.1-4-g462c640d31 to
                  | 0.30.1-8-g117510f58f
   174 | D:1      | Quit the game

Illustrated notes

Levels and vault maps discovered:
D:1:      eino_arrival_cavern_b, layout_basic,
          hellmonk_ecumenical_altar_crossroads, minmay_parallelograms,
          nicolae_hexahallways, ebering_dispersal_statue_hall

Action                     || total
---------------------------++-------
  Melee: Unarmed           ||     4
   Cast: Sting             ||     4
    Use: Scroll            ||     1
 Armour: Robe              ||     2
  Dodge: Dodged            ||     1
